 Dungeon Crawl Stone Soup version 0.21.1-1-g345015f (webtiles) character file.

6438 t7DKbSm the Cleaver (level 10, -1/88 HPs)
             Began as a Minotaur Fighter on May 6, 2018.
             Was a Believer of Trog.
             Slain by a 12-headed hydra (7 damage)
             ... on level 1 of the Lair of Beasts on May 8, 2018.
             The game lasted 00:31:27 (7880 turns).

t7DKbSm the Cleaver (Minotaur Fighter)              Turns: 7880, Time: 00:31:28

Health: -1/88      AC: 17    Str: 22    XL:     10   Next: 67%
Magic:  9/9        EV:  9    Int:  5    God:    Trog [**....]
Gold:   508        SH: 11    Dex: 12    Spells: 9/9 levels left

rFire    . . .     SeeInvis .   a - +0 war axe
rCold    + . .     Gourm    .   c - +0 shield
rNeg     + . .     Faith    .   D - +0 chain mail {rC+}
rPois    .         Spirit   .   (helmet restricted)
rElec    .         Reflect  .   y - +0 cloak
rCorr    .         Harm     .   v - +0 pair of gloves
MR       +....                  k - +2 pair of boots of the Special Wars {Stlth+}
Stlth    ..........             (no amulet)
HPRegen  0.24/turn              m - ring of positive energy
MPRegen  0.11/turn              z - ring of protection from magic

@: berserk cooldown, slowed, very slow
A: retaliatory headbutt, horns 2
a: Berserk, Trog's Hand, Burn Spellbooks, Renounce Religion


You were on level 1 of the Lair of Beasts.
You worshipped Trog.
Trog was pleased with you.
You were very hungry.

You visited 2 branches of the dungeon, and saw 9 of its levels.

You collected 508 gold pieces.

Inventory:

Hand Weapons
 a - a +0 war axe (weapon)
 s - a +0 fustibalus
 u - a +0 falchion of holy wrath
 B - a +2 whip of freezing
Missiles
 t - 157 stones (quivered)
 C - 2 tomahawks of returning
 I - 3 tomahawks of dispersal
 K - 9 poisoned needles
Armour
 b - a +0 scale mail
 c - a +0 shield (worn)
 k - the +2 pair of boots of the Special Wars (worn) {Stlth+}
   (You found it on level 7 of the Dungeon)

   It makes you more stealthy.
 v - a +0 pair of gloves (worn)
 y - a +0 cloak (worn)
 D - a +0 chain mail of cold resistance (worn)
Jewellery
 m - a ring of positive energy (left hand)
 p - an uncursed ring of protection from cold
 z - a ring of protection from magic (right hand)
 G - a +2 ring of intelligence
 L - an uncursed ring of protection from cold
Wands
 A - a wand of enslavement (12)
 E - a wand of acid (8)
 J - a wand of random effects (58)
Scrolls
 e - a scroll of remove curse
 g - 2 scrolls of enchant weapon {unknown}
 h - 9 scrolls of identify
 i - 2 scrolls of blinking {unknown}
 n - 3 scrolls of fear {unknown}
 q - 2 scrolls of immolation {unknown}
 w - a scroll of fog {unknown}
 F - 2 scrolls of teleportation {unknown}
 M - a scroll of enchant armour {unknown}
 N - a scroll of vulnerability {unknown}
 O - a scroll of magic mapping {unknown}
Potions
 d - a potion of brilliance {unknown}
 j - a potion of haste
 l - 2 potions of degeneration
 o - 3 potions of flight
 r - a potion of invisibility {unknown}
 x - 2 potions of heal wounds {unknown}
 H - a potion of lignification {unknown}
Comestibles
 f - 11 rations


   Skills:
 + Level 8.2 Fighting
 + Level 12.4 Axes
 + Level 0.6(8.1) Maces & Flails
 + Level 1.5 Slings
 + Level 8.9 Armour
 + Level 4.5 Dodging
 + Level 0.7 Stealth
 + Level 9.0 Shields


You had 9 spell levels left.
You didn't know any spells.

Dungeon Overview and Level Annotations

Branches:
Dungeon (8/15)             Temple (0/1) D:7            Lair (1/6) D:8

Altars:
Elyvilon
Gozag
Qazlal
Ru
Trog
Yredelemnul

Shops:
D:8 *

Annotations:
D:5 Prince Ribbit


Innate Abilities, Weirdness & Mutations

You reflexively headbutt those who attack you in melee.
You have a pair of horns on your head.


Message History

* * * LOW HITPOINT WARNING * * *
The 12-headed hydra bites you but does no damage.
The 12-headed hydra bites you.
* * * LOW HITPOINT WARNING * * *
You are too berserk!
Unknown command.
You feel a strong urge to attack something.
A spiny frog comes into view.
The spiny frog gives a loud, deep croak!
The spiny frog moves out of view.
You feel your anger nearly subside.
You are no longer berserk.
You are exhausted.
You feel yourself slow down. You block the spiny frog's attack.
The spiny frog stings you but does no damage.
You block the spiny frog's attack. You block the spiny frog's attack.
The 12-headed hydra barely misses you. You furiously retaliate!
You headbutt the 12-headed hydra! The 12-headed hydra bites you!
You die...

..........(......#..
#...........P...#.. .
###....##.....#...#.. ..
#.......#............ ...
#...................
....#............#...P..
............#....#...##.
........F.......##...##.
....≈≈≈≈@D............##.
...≈≈≈≈≈≈≈....#...........
#..≈≈≈≈≈≈≈≈≈.#.#...........
.....≈≈≈≈≈≈≈≈≈..#...#P...##.
.....≈≈≈≈≈≈≈≈≈.#....##.#.###
......≈≈.≈≈≈≈.†.....####.P#
#......>.≈≈≈≈###...## #.##
#...........## #....# #.##
.#........##.# #...####..#


You could see a 12-headed hydra and a spiny frog.

Vanquished Creatures
  Pikel (D:5)
  2 spiny frogs (Lair:1)
  4 gargoyles (D:7)
  The ghost of darumender the Basher, a novice DsBe of Trog (D:5)
  Sigmund (D:4)
  A basilisk (Lair:1)
  2 hungry ghosts
  Edmund (D:4)
  2 water moccasins (Lair:1)
  A porcupine (Lair:1)
  Duvessa (D:4)
  3 sky beasts
  An ice beast (D:7)
  2 wolves (D:8)
  3 ogres (D:7)
  The ghost of TinyReaver the Stinger, an amateur NaVM of Sif Muna (D:3)
  5 centaurs
  4 bullfrogs
  Dowan (D:4)
  3 scorpions
  2 electric eels (D:8)
  5 crimson imps
  2 centaur zombies (D:4)
  A bullfrog zombie (D:5)
  4 hounds (D:8)
  An orc priest (D:3)
  2 centaur skeletons
  A jelly (D:8)
  3 iguanas
  Jessica (D:2)
  3 orc wizards
  2 worker ants (D:6)
  2 hound skeletons
  A howler monkey zombie (D:4)
  2 worker ant zombies (D:4)
  6 gnolls
  8 adders
  A shadow imp (D:7)
  2 oozes
  2 adder skeletons
  2 adder zombies
  2 worms
  5 dart slugs
  4 leopard geckos
  17 orcs
  3 bats
  2 giant cockroaches
  6 hobgoblins
  14 jackals
  4 quokkas
  A ball python (D:1)
  9 frilled lizards
  10 goblins
  4 kobolds (D:1)
  A leopard gecko zombie (D:4)
  A quokka skeleton (D:7)
  13 rats
189 creatures vanquished.

Vanquished Creatures (others)
  4 slaves (D:5)
  An ogre (D:5)
  A worker ant (D:5)
  An adder zombie (D:5)
  A jackal (D:8)
  A quokka skeleton (D:8)
  A fungus (Lair:1)
10 creatures vanquished.

Grand Total: 199 creatures vanquished

Notes
Turn   | Place    | Note
-------+----------+-------------------------------------------
     0 | D:1      | t7DKbSm the Minotaur Fighter began the quest for the Orb.
     0 | D:1      | Reached XP level 1. HP: 19/19 MP: 0/0
    92 | D:1      | Reached XP level 2. HP: 27/27 MP: 1/1
   161 | D:1      | Reached skill level 3 in Axes
   523 | D:1      | Reached XP level 3. HP: 19/33 MP: 2/2
   953 | D:2      | Found a white marble altar of Elyvilon.
  1007 | D:2      | Found an opulent altar of Gozag.
  1067 | D:2      | Noticed Jessica
  1074 | D:2      | Killed Jessica
  1074 | D:2      | Reached skill level 4 in Axes
  1074 | D:2      | Reached XP level 4. HP: 35/40 MP: 3/3
  1195 | D:2      | Reached skill level 1 in Dodging
  1549 | D:3      | Noticed TinyReaver's ghost (amateur NaVM)
  1565 | D:3      | Killed TinyReaver's ghost
  1565 | D:3      | Reached XP level 5. HP: 23/47 MP: 4/4
  1851 | D:3      | Reached skill level 5 in Axes
  2223 | D:3      | Reached XP level 6. HP: 45/53 MP: 5/5
  2662 | D:4      | Noticed Duvessa
  2665 | D:4      | Noticed Dowan
  2674 | D:4      | Killed Duvessa
  2674 | D:4      | Reached skill level 6 in Axes
  2674 | D:4      | Reached skill level 5 in Shields
  2678 | D:4      | Killed Dowan
  2678 | D:4      | Reached skill level 5 in Fighting
  2678 | D:4      | Reached XP level 7. HP: 57/61 MP: 6/6
  2757 | D:4      | Reached skill level 5 in Armour
  2872 | D:4      | Noticed Sigmund
  2887 | D:4      | Killed Sigmund
  2887 | D:4      | Reached skill level 1 in Slings
  3015 | D:4      | Reached skill level 7 in Axes
  3377 | D:4      | Noticed Edmund
  3398 | D:4      | Killed Edmund
  3536 | D:5      | Entered Level 5 of the Dungeon
  3548 | D:5      | Reached XP level 8. HP: 46/68 MP: 7/7
  3560 | D:5      | Noticed Pikel
  3583 | D:5      | Killed Pikel
  3583 | D:5      | Reached skill level 8 in Axes
  3741 | D:5      | Noticed darumender's ghost (novice DsBe)
  3751 | D:5      | Killed darumender's ghost
  3751 | D:5      | Reached skill level 9 in Axes
  3774 | D:5      | Noticed Prince Ribbit
  3862 | D:5      | Found Toila's Assorted Antiques.
  3940 | D:5      | Found a bloodstained altar of Trog.
  3941 | D:5      | Found a sacrificial altar of Ru.
  3945 | D:5      | Became a worshipper of Trog the Wrathful
  3975 | D:5      | Reached XP level 9. HP: 60/77 MP: 8/8
  4119 | D:5      | Found a stormy altar of Qazlal.
  5230 | D:6      | Found a basalt altar of Yredelemnul.
  5730 | D:7      | Noticed a gargoyle
  5732 | D:7      | Noticed a gargoyle
  5733 | D:7      | Noticed a gargoyle
  5747 | D:7      | Killed a gargoyle
  5747 | D:7      | Reached skill level 10 in Axes
  5750 | D:7      | Killed a gargoyle
  5754 | D:7      | Killed a gargoyle
  5754 | D:7      | Reached skill level 11 in Axes
  5830 | D:7      | Got a pair of warped boots
  5841 | D:7      | Identified the +2 pair of boots of the Special Wars {Stlth+} (You found it on level 7 of the Dungeon)
  5851 | D:7      | Reached XP level 10. HP: 44/86 MP: 9/9
  5927 | D:7      | Found a staircase to the Ecumenical Temple.
  5959 | D:7      | Reached * piety under Trog
  6533 | D:7      | Noticed a gargoyle
  6547 | D:7      | Killed a gargoyle
  6973 | D:8      | Reached skill level 12 in Axes
  7117 | D:8      | Found Fetiaph's Assorted Antiques.
  7146 | D:8      | Found a staircase to the Lair.
  7203 | Lair:1   | Entered Level 1 of the Lair of Beasts
  7501 | Lair:1   | Noticed a spiny frog
  7505 | Lair:1   | Reached ** piety under Trog
  7512 | Lair:1   | Killed a spiny frog
  7742 | Lair:1   | Noticed a spiny frog
  7754 | Lair:1   | Killed a spiny frog
  7835 | Lair:1   | Noticed an eight-headed hydra
  7871 | Lair:1   | HP: 5/132 [12-headed hydra (3)]
  7874 | Lair:1   | Noticed a spiny frog
  7880 | Lair:1   | Slain by a 12-headed hydra

Skill      XL: |  1  2  3  4  5  6  7  8  9 10 |
---------------+-------------------------------+-----
Armour         | 4 5 7 8 |  8.9
Axes           | 3 4 5 6 7 9 11 12 | 12.4
Shields        | 4 5 6 8 9 |  9.0
Fighting       | 4 5 6 7 8 |  8.2
Dodging        | 1 2 3 4 |  4.5
Slings         | 1 |  1.5
Maces & Flails | |  0.6
Stealth        | |  0.7

Action                   |  1- 3 |  4- 6 |  7- 9 | 10-12 || total
-------------------------+-------+-------+-------+-------++-------
Melee: War axe           |   108 |   116 |   324 |   165 ||   713
       Headbutt          |    12 |    21 |    65 |    23 ||   121
       Whip              |       |       |    12 |       ||    12
 Fire: Fustibalus        |       |     3 |       |       ||     3
Invok: Burn Spellbooks   |       |       |     1 |     1 ||     2
       Berserk           |       |       |       |     1 ||     1
       Trog's Hand       |       |       |       |     1 ||     1
  Use: Scroll            |       |     2 |     1 |       ||     3
       Potion            |       |       |     6 |       ||     6
  Eat: Chunk             |       |     2 |     2 |       ||     4
       Ration            |       |     1 |     3 |     4 ||     8
Armor: Scale mail        |    66 |    46 |    16 |       ||   128
       Chain mail        |       |       |    95 |    70 ||   165
Dodge: Dodged            |    47 |    39 |    72 |    47 ||   205
Block: Shield            |    74 |    59 |   127 |    89 ||   349
